 Dungeon Crawl Stone Soup version 0.30-a0-879-ga8ba668304 (webtiles) character file.

Game seed: 17461372324288445234

37 Mickster the Conjurer (level 3, 0/12 (19) HPs)
             Began as a Deep Elf Wanderer on Mar 13, 2023.
             Slain by a kobold
             ... wielding a +0 short sword
              (1 damage)
             ... on level 2 of the Dungeon.
             The game lasted 00:12:33 (766 turns).

Mickster the Conjurer (Deep Elf Wanderer)            Turns: 766, Time: 00:12:34

HP:   0/12 (19)     AC:  3    Str:  8    XL:     3   Next: 21%
MP:   10/10         EV: 11    Int: 18    God:
Gold: 41            SH:  0    Dex: 15    Spells: 6/9 levels left

rFire   . . .      SeeInvis .    l - +1 dagger (drain)
rCold   . . .      Faith    .    (no shield)
rNeg    . . .      Spirit   .    d - +0 robe
rPois   .          Reflect  .    (no helmet)
rElec   .          Rampage  .    b - +0 cloak
rCorr   .                        (no gloves)
Will    .....                    (no boots)
Stlth   +                        k - amulet of magic regeneration
HPRegen 0.22/turn                (no ring)
MPRegen 0.52/turn                (no ring)

@: very heavily drained, very slow
A: no striking features
a: no special abilities


You were on level 2 of the Dungeon.
You visited 1 branch of the dungeon, and saw 2 of its levels.

You collected 41 gold pieces.

Inventory:

Hand Weapons
 a - a +0 quarterstaff
 i - a +0 club
 l - a +1 dagger of draining (weapon)
Missiles
 e - 13 stones
 f - 3 datura-tipped darts (quivered)
Armour
 b - a +0 cloak (worn)
 d - a +0 robe (worn)
 h - a +0 ring mail
Jewellery
 k - an amulet of magic regeneration (around neck)
Scrolls
 j - a scroll of teleportation
Potions
 c - a potion of curing
 g - a potion of heal wounds


   Skills:
 + Level 0.1 Fighting
 - Level 1.3 Staves
 + Level 2.6 Stealth
 + Level 3.5 Spellcasting
 + Level 6.1 Conjurations


You had 6 spell levels left.
You knew the following spells:

 Your Spells              Type           Power      Damage    Failure   Level
a - Shock                 Conj/Air       56%        1d6       4%          1
b - Beastly Appendage     Tmut           6%         N/A       16%         1
c - Kiss of Death         Conj/Necr      56%        2d9       4%          1

Your spell library contained the following spells:

 Spells                   Type           Power      Damage    Failure   Level
 Ensorcelled Hibernation  Hex/Ice        6%         N/A       24%         2
 Wereblood                Tmut           3%         N/A       24%         2
 Iskenderun's Mystic Bla  Conj/Tloc      14%        2d5       41%         4
 Spider Form              Tmut/Pois      3%         N/A       43%         3
 Anguish                  Hex/Necr       1%         N/A       83%         4


Dungeon Overview and Level Annotations

Branches:
Dungeon (2/15)

Altars:


Message History

The goblin shoots a sling bullet.
The sling bullet barely misses you.
The goblin shoots a sling bullet.
The sling bullet completely misses you.
You hear a shout!
Casting: Beastly Appendage (safe; 16% risk of failure)
Confirm with . or Enter, or press ? or * to list all spells.
Aiming: Shock (safe; 4% risk of failure)
Press: ? - help, Shift-Dir - straight line, f - hobgoblin
Aim: a hobgoblin (71% to hit)
The zap hits the hobgoblin.
The hobgoblin is moderately wounded.
The goblin shoots a sling bullet.
The sling bullet barely misses you. The hobgoblin closely misses you.
You closely miss the hobgoblin.
The hobgoblin is moderately wounded.
The goblin shoots a sling bullet.
The sling bullet hits you. The hobgoblin barely misses you.
You hit the hobgoblin.
The hobgoblin is heavily wounded.
The goblin shoots a sling bullet.
The sling bullet hits you but does no damage.
The hobgoblin barely misses you.
You hit the hobgoblin. You drain the hobgoblin.
You kill the hobgoblin!
A kobold comes into view. It is wielding a +0 short sword.
The goblin shoots a sling bullet.
The sling bullet closely misses you.
The goblin shoots a sling bullet.
The sling bullet hits you but does no damage.
The goblin shoots a sling bullet.
The sling bullet hits you.
Found 4 stones and a scroll labelled CADDEZX SILEDD.
The goblin shoots a sling bullet.
The sling bullet hits you.
The kobold hits you with a +0 short sword.
* * * LOW HITPOINT WARNING * * *
The goblin unwields a +0 sling.
The goblin wields a +0 dagger.
The goblin splashes around in the water.
You enter the shallow water.
Moving in this stuff is going to be slow.
The kobold misses you. The goblin closely misses you.
You barely miss the goblin.
The kobold hits you with a +0 short sword.
You die...

#####...# .........#
~~.~~....# ...⌠....#
#.~....######
#.⌠....##...#
#.⌠....##...#
.~.###.~K...##...####..
.~(....@...............
.P~⌠~⌠~g....##...####..
.........#####...#
........## #...#
#.......# #...#
#.......# ###...#
#........ #...<##
#.?.....# #.#### #.


You could see a goblin and a kobold.

Vanquished Creatures
  2 dart slugs (D:1)
  A ball python (D:1)
  3 endoplasms (D:1)
  A giant cockroach (D:1)
  5 goblins (D:1)
  4 hobgoblins
  2 jackals (D:1)
  A quokka (D:1)
  A bat (D:1)
  5 kobolds (D:1)
  3 rats (D:1)
28 creatures vanquished.

Notes
Turn   | Place    | Note
-------+----------+-------------------------------------------
     0 | D:1      | Mickster the Deep Elf Wanderer began the quest for the Orb.
     0 | D:1      | Mickster set off with the following items: a +0
                  | quarterstaff, a +0 cloak, a potion of curing, a +0 robe;
                  | and the following spells available to memorise: Kiss of
                  | Death, Shock, Iskenderun's Mystic Blast.
     0 | D:1      | Reached XP level 1. HP: 10/10 MP: 6/6
    92 | D:1      | Learned a level 1 spell: Shock
   132 | D:1      | Learned a level 1 spell: Beastly Appendage
   277 | D:1      | Reached XP level 2. HP: 15/15 MP: 2/8
   387 | D:1      | Reached skill level 6 in Conjurations
   402 | D:1      | Reached XP level 3. HP: 18/19 MP: 0/9
   634 | D:1      | Learned a level 1 spell: Kiss of Death
   766 | D:2      | Slain by a kobold

Illustrated notes

Levels and vault maps discovered:
D:1:      dpeg_arrival_snail, layout_basic
D:2:      layout_basic, shapermc_ecumenical_altar_acropolis, minmay_between

Skill      XL: |  1  2 |
---------------+-------+-----
Conjurations   | 6 |  6.1
Fighting       | |  0.1
Staves         | |  1.3
Stealth        | |  2.6
Spellcasting   | |  3.5

Action                     || total
---------------------------++-------
  Melee: Quarterstaff      ||    11
         Dagger            ||     6
         Kick              ||     1
   Cast: Shock             ||    28
         Kiss of Death     ||     2
         Beastly Appendage ||     1
    Use: Scroll            ||     3
         Potion            ||     1
 Armour: Robe              ||     6
  Dodge: Dodged            ||    17

Table legend: (Time is in decaauts)
 A = Elapsed time spent in this place.
 B = Non-inter-level travel time spent in this place.
 C = Inter-level travel time spent in this place.
 D = Time resting spent in this place.
 E = Time spent auto-exploring this place.
 F = Levels seen in this place.
 G = Mean time per level.
                   A        B        C        D        E       F      G
               +--------+--------+--------+--------+--------+-----+--------+
         Total |    768 |    768 |      0 |    167 |      0 |   2 |  384.0 |
       Dungeon |    768 |    768 |      0 |    167 |      0 |   2 |  384.0 |
               +--------+--------+--------+--------+--------+-----+--------+

Top non-repeatable levels by time:
     D:1: 744 daAuts
     D:2: 23 daAuts
